 Dungeon Crawl Stone Soup version 0.21.1-1-g345015f (webtiles) character file.

94628 vatarom the Scorcher (level 15, -13/82 HPs)
             Began as a Deep Elf Fire Elementalist on Apr 25, 2018.
             Was a High Priest of Vehumet.
             Hit by a javelin thrown by Urug (23 damage)
             ... on level 1 of the Orcish Mines on Apr 26, 2018.
             The game lasted 01:44:36 (28876 turns).

vatarom the Scorcher (Deep Elf Fire Elementalist)  Turns: 28876, Time: 01:44:37

Health: -13/82     AC:  9    Str:  7    XL:     15   Next: 64%
Magic:  21/37      EV: 15    Int: 25    God:    Vehumet [*****.]
Gold:   1523       SH:  8    Dex: 15    Spells: 6/47 levels left

rFire    + + .     SeeInvis +   P - +1 dagger of Cheibriados {drain, rPois rF+ rN+ Stlth+} (curse)
rCold    x . .     Gourm    +   o - +3 buckler
rNeg     + . .     Faith    .   y - +2 robe of the Mantidfly {*Corrode rPois SInv Stlth+}
rPois    +         Spirit   .   v - +0 helmet
rElec    .         Reflect  .   (no cloak)
rCorr    .         Harm     .   l - +1 pair of gloves
MR       +....     Clarity  +   F - +1 pair of boots
Stlth    ++++......             E - amulet of the gourmand
HPRegen  0.23/turn              H - ring of fire
MPRegen  0.25/turn              Y - ring of see invisible

@: no status effects
A: blink, clarity, evolution 1
a: Blink, Renounce Religion


You were on level 1 of the Orcish Mines.
You worshipped Vehumet.
Vehumet was extremely pleased with you.
You were not hungry.

You visited 4 branches of the dungeon, and saw 23 of its levels.
You visited 1 bazaar.
You also visited: Labyrinth.

You collected 1699 gold pieces.
You spent 176 gold pieces at shops.

Inventory:

Hand Weapons
 d - a +3 dagger of protection
 j - a +4 dagger of venom
 P - the cursed +1 dagger of Cheibriados (weapon) {drain, rPois rF+ rN+ Stlth+}
   (You found it on level 4 of the Lair of Beasts)

   A truly terrible weapon, it drains the life of those it strikes.
   It protects you from fire.
   It protects you from poison.
   It protects you from negative energy.
   It makes you more stealthy.
   It has a curse placed upon it.
Missiles
 u - 7 silver tomahawks (quivered)
Armour
 l - a +1 pair of gloves (worn)
 o - a +3 buckler (worn)
 v - a +0 helmet (worn)
 y - the +2 robe of the Mantidfly (worn) {*Corrode rPois SInv Stlth+}
   (You bought it in a shop on level 6 of the Dungeon)

   It protects you from poison.
   It lets you see invisible.
   It may corrode you when you take damage.
   It makes you more stealthy.
 F - a +1 pair of boots (worn)
Jewellery
 z - a +3 ring of intelligence
 D - an uncursed ring of wizardry
 E - an amulet of the gourmand (around neck)
 G - an uncursed ring of protection from fire
 H - a ring of fire (left hand)
 V - an uncursed ring of resist corrosion
 Y - a ring of see invisible (right hand)
Wands
 n - a wand of enslavement (7)
 p - a wand of flame (115)
 A - a wand of polymorph (28)
 C - a wand of iceblast (49)
 I - a wand of paralysis (11)
Scrolls
 e - 5 scrolls of teleportation
 f - 13 scrolls of remove curse
 h - 5 scrolls of fog
 k - 4 scrolls of amnesia
 s - a scroll of fear
 t - 2 scrolls of blinking
 J - 3 scrolls of magic mapping
 O - 3 scrolls of enchant weapon
 U - a scroll of silence
 X - a scroll of summoning
Potions
 g - 2 potions of haste
 i - 3 potions of might
 m - 4 potions of invisibility
 q - 3 potions of flight
 w - 4 potions of agility
 B - 2 potions of resistance
 K - 2 potions of cancellation
 N - 4 potions of curing
 Q - 2 potions of ambrosia
 S - a potion of lignification
Comestibles
 c - 53 rations


   Skills:
 - Level 5.0 Fighting
 - Level 5.0 Dodging
 - Level 2.4 Stealth
 - Level 4.0 Shields
 + Level 16.9 Spellcasting
 + Level 14.4 Conjurations
 * Level 19.6 Fire Magic


You had 6 spell levels left.
You knew the following spells:

 Your Spells              Type           Power        Failure   Level  Hunger
a - Flame Tongue          Conj/Fire      #####        0%          1    None
b - Throw Flame           Conj/Fire      ######       0%          2    None
c - Conjure Flame         Conj/Fire      ########     0%          3    None
d - Sticky Flame          Conj/Fire      ########     0%          4    None
e - Fireball              Conj/Fire      ########..   1%          5    None
f - Blink                 Tloc           N/A          3%          2    None
g - Mephitic Cloud        Conj/Pois/Air  #####...     1%          3    None
h - Ignite Poison         Fire/Tmut/Pois ######..     1%          3    None
i - Ignition              Fire           ########..   1%          8    #######
j - Iskenderun's Battles  Conj/Chrm      ######..     1%          5    None
k - Bolt of Magma         Conj/Fire/Erth #######...   1%          5    None


Dungeon Overview and Level Annotations

Branches:
Dungeon (15/15)            Temple (1/1) D:4            Lair (6/6) D:11
 Shoals (0/4) Lair:2       Spider (0/4) Lair:2        Slime (0/5) Lair:6
    Orc (1/2) D:10         Vaults (0/5) D:13         Depths (0/5) D:15

Altars:
Ashenzari
Cheibriados
Dithmenos
Elyvilon
Fedhas
Gozag
Hepliaklqana
Kikubaaqudgha
Nemelex Xobeh
Okawaru
Qazlal
Ru
Sif Muna
Trog
Uskayaw
Vehumet
Wu Jian
Yredelemnul
Zin
The Shining One
Jiyva
Lugonu

Shops:
D:6 [(%   D:12 [   D:13 %:

Portals:
Trove: D:13 (give +5 demon blade)

Annotations:
D:3 elendilve's ghost, amateur DsGl
D:5 1 runed door
D:7 Pikel
D:9 2 transporters
D:12 1 runed door
Orc:1 Urug


Innate Abilities, Weirdness & Mutations

You can translocate small distances at will.
You possess an exceptional clarity of mind.
You evolve.


Message History

The fireball engulfs the orc knight.
The orc knight is heavily wounded.
The fireball engulfs the stone giant.
The stone giant is heavily wounded.
Urug throws a javelin.
The javelin hits you!
Found 8 gold pieces.
Things that are here:
a dagger; a glowing robe Unknown command.
Urug throws a javelin.
The javelin hits you.
* * * LOW HITPOINT WARNING * * *
Items here: ( ) [ † a javelin; a battleaxe; a chain mail; an orc corpse Urug throws a javelin.
The javelin hits you!
* * * LOW HITPOINT WARNING * * *
There is a staircase back to the Dungeon here.
You see here a javelin.
Unknown command.
Urug throws a javelin.
The javelin hits you!!
You die...

###.## $...#
$...## .
.....##..
##........
#)........
##..)......
##)(@.......
#..(#.##....
#)...........
#.#..........
..Co...........
.#.$#.o#.......#
$................
................
....... .##....


You could see a stone giant, an orc knight and Urug.

Vanquished Creatures
  A fire giant (D:15)
  The ghost of troglodite the Fighter, a journeyman DsBe of Trog (D:13)
  A minotaur (Lab)
  4 vault guards (D:13)
  Erica (D:8)
  6 hydras
  4 centaur warriors
  7 two-headed ogres
  12 death yaks
  The ghost of kolakolka the Digger, a novice GrEE of Qazlal (D:8)
  Sonja (Lair:2)
  14 skeletal warriors
  The ghost of Flooderbenga the Grave Robber, a novice GnNe (D:10)
  2 unseen horrors (D:13)
  A necromancer (Lair:2)
  2 wolf spiders (Lair:6)
  3 oklob plants (Lair:3)
  A cyclops (D:15)
  3 manticores
  Maurice (D:9)
  9 ugly things
  11 elephants
  Psyche (D:8)
  A torpor snail (Lair:5)
  A guardian serpent (Lair:6)
  11 black mambas
  6 centaur zombies
  A gargoyle (D:10)
  12 spiny frogs
  7 rime drakes
  6 komodo dragons
  3 freezing wraiths
  4 trolls
  2 polar bears
  4 hornets
  10 blink frogs
  Prince Ribbit (D:8)
  3 slime creatures (D:14)
  3 dream sheep (Lair:5)
  22 hippogriffs
  A redback (Lair:6)
  A spriggan (Lair:6)
  45 yaks
  Sigmund (D:6)
  18 wyverns
  8 basilisks
  6 vampire mosquitoes
  2 steam dragons (D:13)
  A vampire (D:14)
  3 hungry ghosts
  14 water moccasins
  A hell hound (Lair:5)
  3 soldier ants
  6 porcupines
  7 orc warriors
  A black bear (D:9)
  6 ice beasts
  3 sky beasts
  2 eyes of draining
  11 ogres
  2 phantoms
  A necrophage (D:9)
  4 wolves (Lair:5)
  19 centaurs
  10 crocodiles
  3 big kobolds
  10 bullfrogs
  Blork the orc (D:6)
  An earth elemental (Lab)
  2 wyvern zombies
  3 scorpions
  13 killer bees
  A water moccasin skeleton (D:10)
  7 wights
  An electric eel (Lair:3)
  3 howler monkeys (D:8)
  2 jellies
  8 crimson imps
  6 hounds
  2 quasits (D:9)
  9 orc priests
  A bullfrog skeleton (D:10)
  4 centaur skeletons (Lab)
  5 iguanas
  16 orc wizards
  21 worker ants
  2 hell rats (Lair:4)
  A yak simulacrum (Lair:2)
  2 polar bear simulacra (Lair:2)
  A killer bee zombie (D:8)
  4 wolf simulacra (Lair:2)
  A hound zombie (D:10)
  A hound skeleton (D:6)
  2 worker ant zombies
  2 gnolls
  8 river rats (Lair:4)
  10 adders
  3 shadow imps
  An ooze (D:3)
  2 adder zombies
  3 adder skeletons
  A dart slug (D:4)
  3 leopard geckos
  41 orcs
  2 ball pythons
  9 giant cockroaches
  14 goblins
  7 hobgoblins
  12 jackals
  5 quokkas
  7 bats
  3 frilled lizards (D:4)
  11 kobolds
  3 leopard gecko skeletons
  A leopard gecko zombie (D:8)
  2 quokka skeletons
  9 rats
  4 river rat simulacra (Lair:2)
  2 bushes (Lair:6)
  3 plants
662 creatures vanquished.

Vanquished Creatures (others)
  An orc (D:8)
  2 bushes (Lair:6)
  19 fungi
  36 plants
58 creatures vanquished.

Grand Total: 720 creatures vanquished

Notes
Turn   | Place    | Note
-------+----------+-------------------------------------------
     0 | D:1      | vatarom the Deep Elf Fire Elementalist began the quest for the Orb.
     0 | D:1      | Reached XP level 1. HP: 10/10 MP: 6/6
   140 | D:1      | Reached XP level 2. HP: 9/15 MP: 0/8
   741 | D:1      | Reached skill level 4 in Fire Magic
   748 | D:1      | Reached XP level 3. HP: 8/19 MP: 5/10
   897 | D:1      | Learned a level 2 spell: Throw Flame
   901 | D:1      | Learned a level 3 spell: Conjure Flame
   905 | D:1      | Learned a level 3 spell: Inner Flame
  1299 | D:2      | Reached XP level 4. HP: 24/24 MP: 8/11
  1647 | D:3      | Noticed elendilve's ghost (amateur DsGl)
  2081 | D:3      | Found a snail-covered altar of Cheibriados.
  2179 | D:3      | Reached XP level 5. HP: 28/28 MP: 6/13
  2187 | D:3      | Reached skill level 5 in Fire Magic
  2306 | D:3      | Reached skill level 1 in Shields
  3152 | D:4      | Learned a level 4 spell: Sticky Flame
  3216 | D:4      | Reached XP level 6. HP: 20/32 MP: 4/14
  3370 | D:4      | Found a staircase to the Ecumenical Temple.
  3446 | Temple   | Entered the Ecumenical Temple
  3481 | Temple   | Became a worshipper of Vehumet
  4037 | D:4      | Reached skill level 5 in Spellcasting
  4040 | D:4      | Reached skill level 6 in Fire Magic
  4235 | D:4      | Reached XP level 7. HP: 36/36 MP: 5/16
  4416 | D:5      | Entered Level 5 of the Dungeon
  4482 | D:5      | Learned a level 5 spell: Fireball
  4621 | D:5      | Found a runed door.
  4633 | D:5      | Found a runed door.
  5371 | D:5      | Reached * piety under Vehumet
  5371 | D:5      | Offered knowledge of Shock by Vehumet.
  5562 | D:5      | Found a white marble altar of Elyvilon.
  5644 | D:5      | Found a hazy altar of Hepliaklqana.
  5835 | D:6      | Reached skill level 7 in Fire Magic
  5906 | D:6      | Found a shattered altar of Ashenzari.
  5914 | D:6      | Reached XP level 8. HP: 35/41 MP: 11/19
  5936 | D:6      | Learned a level 2 spell: Blink
  6006 | D:6      | Found an ornate altar of the Wu Jian Council.
  6021 | D:6      | Noticed Blork the orc
  6026 | D:6      | Killed Blork the orc
  6066 | D:6      | Found Jucoutix's Antique Armour Shoppe.
  6149 | D:6      | Bought a slimy robe for 176 gold pieces
  6165 | D:6      | Identified the +2 robe of the Mantidfly {*Corrode rPois SInv Stlth+} (You bought it in a shop on level 6 of the Dungeon)
  6301 | D:6      | Noticed Sigmund
  6308 | D:6      | Killed Sigmund
  6308 | D:6      | Reached skill level 5 in Conjurations
  6308 | D:6      | Reached skill level 8 in Fire Magic
  6489 | D:6      | Found a blossoming altar of Fedhas.
  6496 | D:6      | Found Dong's Food Shoppe.
  6553 | D:6      | Found a stormy altar of Qazlal.
  6562 | D:6      | Found Eckeuni Lac's Antique Weapon Boutique.
  7081 | D:7      | Reached XP level 9. HP: 35/45 MP: 12/22
  7083 | D:7      | Reached skill level 9 in Fire Magic
  7092 | D:7      | Reached ** piety under Vehumet
  7094 | D:7      | Offered knowledge of Throw Frost by Vehumet.
  7291 | D:7      | Learned a level 3 spell: Mephitic Cloud
  7300 | D:7      | Found an iron altar of Okawaru.
  7920 | D:7      | Noticed Pikel
  8016 | D:7      | Found a deep blue altar of Sif Muna.
  8188 | D:8      | Noticed Prince Ribbit
  8193 | D:8      | Noticed kolakolka's ghost (novice GrEE)
  8193 | D:8      | Killed Prince Ribbit
  8193 | D:8      | Reached skill level 10 in Fire Magic
  8351 | D:8      | Noticed Psyche
  8360 | D:8      | Killed Psyche
  8432 | D:8      | Noticed Erica
  8464 | D:8      | Killed Erica
  8464 | D:8      | Reached skill level 11 in Fire Magic
  8464 | D:8      | Reached XP level 10. HP: 34/50 MP: 1/25
  8779 | D:8      | Found a stormy altar of Qazlal.
  8788 | D:8      | Offered knowledge of Ignite Poison by Vehumet.
  8793 | D:8      | Learned a level 3 spell: Ignite Poison
  9065 | D:8      | Noticed a two-headed ogre
  9087 | D:8      | Killed a two-headed ogre
  9087 | D:8      | Reached skill level 10 in Spellcasting
  9347 | D:8      | Noticed a two-headed ogre
  9348 | D:8      | Noticed a two-headed ogre
  9367 | D:8      | Killed a two-headed ogre
  9367 | D:8      | Reached *** piety under Vehumet
  9367 | D:8      | Reached skill level 12 in Fire Magic
  9472 | D:8      | Killed a two-headed ogre
  9882 | D:8      | Killed kolakolka's ghost
  9882 | D:8      | Reached XP level 11. HP: 20/54 MP: 1/28
 10469 | D:9      | Offered knowledge of Fulminant Prism by Vehumet.
 10510 | D:9      | Found a bloodstained altar of Trog.
 10519 | D:9      | Reached skill level 13 in Fire Magic
 10943 | D:9      | Found a transporter.
 10993 | D:9      | Noticed Maurice
 11000 | D:9      | Killed Maurice
 11144 | D:9      | Found a sparkling altar of Nemelex Xobeh.
 11445 | D:9      | Found a transporter.
 11731 | D:10     | Entered Level 10 of the Dungeon
 12156 | D:10     | Reached **** piety under Vehumet
 12159 | D:10     | Offered knowledge of Force Lance by Vehumet.
 12458 | D:10     | Found a staircase to the Orcish Mines.
 12495 | D:10     | Noticed Flooderbenga's ghost (novice GnNe)
 12502 | D:10     | Killed Flooderbenga's ghost
 12607 | D:10     | Noticed a two-headed ogre
 12621 | D:10     | Killed a two-headed ogre
 12621 | D:10     | Reached skill level 10 in Conjurations
 13055 | D:11     | Reached skill level 14 in Fire Magic
 13669 | D:11     | Found an opulent altar of Gozag.
 13757 | D:11     | Found a staircase to the Lair.
 13801 | D:11     | Reached ***** piety under Vehumet
 13854 | D:12     | Found Soesm's Antique Armour Boutique.
 13920 | D:12     | Reached XP level 12. HP: 59/59 MP: 26/30
 14137 | D:12     | Offered knowledge of Airstrike by Vehumet.
 14346 | Lair:1   | Entered Level 1 of the Lair of Beasts
 14530 | Lair:1   | Reached skill level 1 in Fighting
 15093 | Lair:1   | Reached skill level 15 in Fire Magic
 15579 | Lair:2   | Found a hole to the Spider Nest.
 15724 | Lair:2   | Noticed Sonja
 15727 | Lair:2   | Found a staircase to the Shoals.
 15732 | Lair:2   | Killed Sonja
 17494 | Lair:3   | Reached XP level 13. HP: 69/69 MP: 19/32
 17580 | Lair:3   | Learned a level 8 spell: Ignition
 17716 | Lair:3   | Offered knowledge of Iskenderun's Battlesphere by Vehumet.
 18443 | Lair:4   | Reached skill level 16 in Fire Magic
 18579 | Lair:4   | Learned a level 5 spell: Iskenderun's Battlesphere
 18631 | Lair:4   | Got an ichor-stained dagger
 18632 | Lair:4   | Identified the cursed +1 dagger of Cheibriados {drain, rPois rF+ rN+ Stlth+} (You found it on level 4 of the Lair of Beasts)
 20200 | Lair:5   | Reached skill level 5 in Fighting
 20227 | Lair:5   | Reached skill level 17 in Fire Magic
 20704 | Lair:5   | Offered knowledge of Bolt of Magma by Vehumet.
 20704 | Lair:5   | Reached XP level 14. HP: 78/78 MP: 30/34
 21012 | Lair:6   | Entered Level 6 of the Lair of Beasts
 21212 | Lair:6   | Found a viscous altar of Jiyva.
 21213 | Lair:6   | Found a staircase to the Slime Pits.
 21224 | Lair:6   | Learned a level 5 spell: Bolt of Magma
 21295 | Lair:6   | Reached skill level 15 in Spellcasting
 22386 | Lair:6   | Reached skill level 5 in Dodging
 22499 | Lair:6   | Reached skill level 18 in Fire Magic
 23305 | D:12     | Found a runed door.
 23306 | D:12     | Noticed a storm dragon
 23306 | D:12     | Noticed a vampire knight
 23542 | D:13     | Noticed troglodite's ghost (journeyman DsBe)
 23544 | D:13     | Found Gapsoz's Book Shop.
 23702 | D:13     | Offered knowledge of Ozocubu's Refrigeration by Vehumet.
 24352 | D:13     | Killed troglodite's ghost
 24352 | D:13     | Reached XP level 15. HP: 43/82 MP: 15/37
 24355 | D:13     | Found Vuddaiq's Food Emporium.
 24541 | D:13     | Found a portal to a secret trove of treasure.
 25158 | D:13     | Found a gate to the Vaults.
 25375 | D:14     | Reached skill level 19 in Fire Magic
 25741 | D:14     | Found a labyrinth entrance.
 25746 | Lab      | Entered a labyrinth
 26221 | Lab      | Got a transparent ring mail
 27050 | D:14     | Identified the +2 ring mail of Gestures {Str+2 Int+7} (You found it in a labyrinth)
 27276 | D:15     | Entered Level 15 of the Dungeon
 27531 | D:15     | Got an ancient ring mail
 27532 | D:15     | Identified the +4 ring mail "Waiming" {Dex+6} (You found it on level 15 of the Dungeon)
 27536 | D:15     | Gained mutation: You evolve. [potion of mutation]
 27536 | D:15     | Gained mutation: You can translocate small distances at will. [potion of mutation]
 27536 | D:15     | Gained mutation: You possess an exceptional clarity of mind. [potion of mutation]
 27602 | D:15     | Found a flickering gateway to a bazaar.
 27616 | D:15     | Found a staircase to the Depths.
 27622 | D:15     | Noticed a fire giant
 27637 | Bazaar   | Entered a bazaar
 27701 | Bazaar   | Found Fabaiqut's Book Shoppe.
 27752 | Bazaar   | Found Tixuor's Jewellery Shoppe.
 27795 | Bazaar   | Found Catashypn's Gadget Boutique.
 27825 | Bazaar   | Found Qufradgh's Book Shoppe.
 28271 | D:15     | Killed a fire giant
 28866 | Orc:1    | Entered Level 1 of the Orcish Mines
 28867 | Orc:1    | Offered knowledge of Spellforged Servitor by Vehumet.
 28869 | Orc:1    | Noticed Urug
 28876 | Orc:1    | Hit by a javelin thrown by Urug

Skill      XL: |  1  2  3  4  5  6  7  8  9 10 11 12 13 14 15 |
---------------+----------------------------------------------+-----
Fire Magic     | 4 5 6 7 8 11 12 14 15 17 18 19 | 19.6
Conjurations   | 2 3 4 5 7 9 10 11 12 13 14 | 14.4
Spellcasting   | 4 5 6 7 9 11 12 13 14 16 | 16.9
Shields        | 1 2 3 4 |  4.0
Fighting       | 3 5 |  5.0
Dodging        | 5 |  5.0
Stealth        | |  2.4

Action                   |  1- 3 |  4- 6 |  7- 9 | 10-12 | 13-15 || total
-------------------------+-------+-------+-------+-------+-------++-------
Melee: Unarmed           |    14 |       |       |       |       ||    14
       Dagger            |    27 |    32 |    28 |   104 |    65 ||   256
Throw: Tomahawk          |       |       |     2 |       |       ||     2
 Cast: Flame Tongue      |    42 |    95 |   173 |   346 |   290 ||   946
       Throw Flame       |       |     8 |    11 |    17 |    13 ||    49
       Sticky Flame      |       |     4 |    21 |    46 |    54 ||   125
       Conjure Flame     |       |     3 |     9 |    24 |     4 ||    40
       Fireball          |       |       |     8 |    71 |    41 ||   120
       Mephitic Cloud    |       |       |       |    21 |       ||    21
       Ignite Poison     |       |       |       |    13 |     2 ||    15
       Blink             |       |       |       |     6 |     6 ||    12
       Ignition          |       |       |       |       |    63 ||    63
       Iskenderun's Batt |       |       |       |       |    85 ||    85
       Bolt of Magma     |       |       |       |       |    58 ||    58
Evoke: Wand              |       |       |       |    12 |    12 ||    24
  Use: Scroll            |     1 |     2 |     7 |    12 |    21 ||    43
       Potion            |       |     3 |     2 |     3 |     7 ||    15
 Stab: Sleeping          |     3 |       |     1 |       |       ||     4
  Eat: Chunk             |     1 |     3 |     4 |    23 |    43 ||    74
       Ration            |       |     3 |     4 |     6 |     5 ||    18
Armor: Robe              |    12 |    15 |    24 |    50 |    30 ||   131
Dodge: Dodged            |    64 |    57 |    53 |   116 |    86 ||   376
Block: Buckler           |       |       |    20 |    89 |    65 ||   174
